 Dungeon Crawl Stone Soup version 0.21.1-1-g345015f (webtiles) character file.

191 troglodite the Skirmisher (level 5, -6/63 HPs)
             Began as a Demonspawn Berserker on Mar 12, 2018.
             Was a Priest of Trog.
             Killed by divine providence
             ... invoked by an orc priest
              (11 damage)
             ... on level 4 of the Dungeon.
             The game lasted 00:07:10 (2524 turns).

troglodite the Skirmisher (Demonspawn Berserker)    Turns: 2524, Time: 00:07:11

Health: -6/63      AC:  6    Str: 23    XL:     5   Next: 41%
Magic:  5/5        EV: 14    Int:  8    God:    Trog [***...]
Gold:   135        SH:  0    Dex: 13    Spells: 4/4 levels left

rFire    . . .     SeeInvis .   a - +0 falchion
rCold    . . .     Gourm    .   (no shield)
rNeg     . . .     Faith    .   d - +1 ring mail
rPois    +         Spirit   .   (no helmet)
rElec    .         Reflect  .   (no cloak)
rCorr    .         Harm     .   (no gloves)
MR       .....                  (no boots)
Stlth    ..........             (no amulet)
HPRegen  0.20/turn              l - ring of poison resistance
MPRegen  0.09/turn              (no ring)

@: berserking (expiring), very quick
A: repulsion field 1, spiny 2
a: Berserk, Trog's Hand, Burn Spellbooks, Renounce Religion


You were on level 4 of the Dungeon.
You worshipped Trog.
Trog was most pleased with you.
You were very hungry.

You visited 1 branch of the dungeon, and saw 4 of its levels.

You collected 135 gold pieces.

Inventory:

Hand Weapons
 a - a +0 falchion (weapon)
 q - a +0 hand axe of flaming
Armour
 d - a +1 ring mail (worn)
Jewellery
 l - a ring of poison resistance (left hand)
Scrolls
 f - a scroll of magic mapping
 g - a scroll of enchant armour
 h - a scroll of remove curse
Potions
 e - 2 potions of magic
 i - a potion of curing {unknown}
 j - a potion of resistance {unknown}
 k - 2 potions of flight {unknown}
 m - a potion of haste {unknown}
 o - a potion of agility {unknown}
 p - a potion of lignification {unknown}
Comestibles
 b - 3 chunks of flesh
 c - 10 rations


   Skills:
 * Level 4.0 Fighting
 + Level 3.9 Long Blades
 * Level 2.7 Armour
 * Level 2.6 Dodging
 + Level 0.9 Stealth


You had 4 spell levels left.
You didn't know any spells.

Dungeon Overview and Level Annotations

Branches:
Dungeon (4/15)
 Temple: D:4-7

Altars:
Elyvilon
Fedhas
Makhleb
Okawaru


Innate Abilities, Weirdness & Mutations

You are surrounded by a mild repulsion field. (EV +2)
You are mostly covered in sharp spines.


Message History

Unknown command.
You are too injured to fight recklessly!
You are too injured to fight recklessly!
You hit the orc priest but do no damage.
The orc priest is heavily wounded.
The orc priest hits you but does no damage.
You hit the orc priest.
The orc priest is severely wounded.
Your ring mail prevents you from hitting the orc priest.
The orc priest is severely wounded.
The orc priest miscasts a cantrip.
The orc priest invokes the aid of Beogh against you.
Pain shoots through your body!
* * * LOW HITPOINT WARNING * * *
The orc priest casts a cantrip, but nothing happens.
You barely miss the orc priest.
The orc priest is severely wounded.
The orc priest invokes the aid of Beogh against you.
Beogh smites you!
You die... #.....>...# #.........# ......... !...... ..... %oo

#o# #@#########
#.........#
#.........# ###.
#.........#
$....##.........#
................#
#.####.##..######
#..##..# #...##.#


You could see 3 orc priests.

Vanquished Creatures
  A bullfrog skeleton (D:4)
  Jessica (D:3)
  3 adders
  An ooze (D:1)
  3 dart slugs
  A leopard gecko (D:1)
  5 orcs
  A ball python (D:3)
  8 giant cockroaches
  13 goblins
  12 hobgoblins
  3 jackals (D:2)
  A quokka (D:2)
  9 bats
  15 frilled lizards
  7 kobolds
  8 rats
92 creatures vanquished.

Vanquished Creatures (others)
  4 toadstools (D:1)
4 creatures vanquished.

Grand Total: 96 creatures vanquished

Notes
Turn   | Place    | Note
-------+----------+-------------------------------------------
     0 | D:1      | troglodite the Demonspawn Berserker began the quest for the Orb.
     0 | D:1      | Reached XP level 1. HP: 18/18 MP: 1/1
   234 | D:1      | Gained mutation: You are partially covered in sharp spines. [demonic ancestry]
   234 | D:1      | Reached XP level 2. HP: 9/24 MP: 2/2
   731 | D:1      | Gained mutation: You are mostly covered in sharp spines. [demonic ancestry]
   731 | D:1      | Reached XP level 3. HP: 29/29 MP: 3/3
   818 | D:1      | Reached ** piety under Trog
   990 | D:1      | You fall through a shaft!
  1275 | D:2      | Reached *** piety under Trog
  1349 | D:2      | Reached XP level 4. HP: 35/35 MP: 4/4
  1804 | D:3      | Found an iron altar of Okawaru.
  2038 | D:3      | Noticed Jessica
  2042 | D:3      | Killed Jessica
  2042 | D:3      | Gained mutation: You are surrounded by a mild repulsion field. (EV +2) [demonic ancestry]
  2042 | D:3      | Reached XP level 5. HP: 42/42 MP: 5/5
  2117 | D:3      | Found a blossoming altar of Fedhas.
  2125 | D:3      | Found a burning altar of Makhleb.
  2126 | D:3      | Found a white marble altar of Elyvilon.
  2162 | D:3      | Reached skill level 4 in Fighting
  2524 | D:4      | Killed from afar by an orc priest

Skill      XL: |  1  2  3  4  5 |
---------------+----------------+-----
Dodging        | 2 |  2.6
Long Blades    | 3 |  3.9
Armour         | 2 |  2.7
Fighting       | 4 |  4.0
Stealth        | |  0.9

Action                   |  1- 3 |  4- 6 || total
-------------------------+-------+-------++-------
Melee: Falchion          |    73 |    55 ||   128
Invok: Berserk           |     3 |     2 ||     5
  Use: Scroll            |       |     7 ||     7
 Stab: Sleeping          |     1 |       ||     1
  Eat: Chunk             |     4 |     5 ||     9
Armor: Animal skin       |     5 |       ||     5
       Ring mail         |     9 |    17 ||    26
Dodge: Dodged            |    35 |    38 ||    73
       Rpst.: Falchion   |    10 |    11 ||    21
